 Dungeon Crawl Stone Soup version 0.20.1-1-g8b1a95d (webtiles) character file.

4946 Linguinho the Martial Artist (level 10, 0/74 HPs)
             Began as a Demonspawn Monk on Oct 30, 2017.
             Was a Priest of Dithmenos.
             Slain by a white ugly thing (7 damage)
             ... on level 10 of the Dungeon.
             The game lasted 00:29:46 (11948 turns).

Linguinho the Martial Artist (Demonspawn Monk)     Turns: 11948, Time: 00:29:47

Health: 0/74       AC: 11    Str: 20    XL:     10   Next: 28%
Magic:  10/10      EV: 15    Int:  8    God:    Dithmenos [***...]
Gold:   500        SH:  0    Dex: 15    Spells: 9/9 levels left

rFire    + + +     SeeInvis .     - Unarmed
rCold    + . .     Gourm    .   (no shield)
rNeg     . . .     Faith    .   J - +2 troll leather armour
rPois    +         Spirit   .   D - +0 helmet
rElec    .         Reflect  .   z - scarf {rC+ rF+}
rCorr    +         Harm     .   (gloves unavailable)
MR       +....     NoTele   +   (no boots)
Stlth    +++++.....             (no amulet)
Regen    0.7/turn               F - ring "Nyoghie" {MR+ AC+3}
MPRegen  0.2/turn               k - ring "Diujit" {rCorr -Tele rPois rF++ Int-4}

@: mighty, wreathed by umbra
A: claws 3, nightstalker 1, powered by pain 1
a: Shadow Step, Renounce Religion


You were on level 10 of the Dungeon.
You worshipped Dithmenos.
Dithmenos was most pleased with you.
You were very hungry.

You visited 2 branches of the dungeon, and saw 11 of its levels.
You also visited: Sewer.

You collected 500 gold pieces.

Inventory:

Armour
 z - a scarf of resistance (worn)
 D - a +0 helmet (worn)
 J - a +2 troll leather armour (worn)
Jewellery
 k - the ring "Diujit" (right claw) {rCorr -Tele rPois rF++ Int-4}
   (You found it on level 5 of the Dungeon)

   [ring of resist corrosion]

   It affects your intelligence (-4).
   It greatly protects you from fire.
   It protects you from poison.
   It prevents most forms of teleportation.
 l - a +5 ring of intelligence
 F - the ring "Nyoghie" (left claw) {MR+ AC+3}
   (You found it on level 8 of the Dungeon)

   [ring of protection]

   It affects your AC (+3).
   It affects your resistance to hostile enchantments.
Wands
 v - a wand of polymorph (3/24)
 w - a wand of paralysis (7/24)
 A - a wand of paralysis (11/24)
 B - a wand of enslavement (10/24)
 E - a wand of disintegration (9/24)
Scrolls
 a - a scroll of fog
 c - a scroll of recharging {unknown}
 d - 2 scrolls of enchant weapon
 e - 4 scrolls of teleportation
 j - 2 scrolls of amnesia {unknown}
 C - a scroll of blinking
 K - a scroll of magic mapping {unknown}
Potions
 f - a potion of magic {unknown}
 h - 2 potions of lignification
 i - 2 potions of curing
 m - a potion of berserk rage
 o - 3 potions of cancellation
 q - a potion of agility {unknown}
 t - a potion of degeneration {unknown}
 u - 3 potions of brilliance
 G - a potion of heal wounds {unknown}
 I - a potion of might {unknown}
Books
 x - a book of Frost

   Spells                             Type                      Level
   a - Freeze                         Ice                          1
   b - Throw Frost                    Conjuration/Ice              2
   c - Ozocubu's Armour               Charms/Ice                   3
   d - Throw Icicle                   Conjuration/Ice              4
   e - Summon Ice Beast               Ice/Summoning                4
Miscellaneous
 y - a lamp of fire
Comestibles
 b - 3 bread rations
 g - 3 meat rations
 H - 11 royal jellies


   Skills:
 + Level 5.3 Fighting
 * Level 6.0 Armour
 + Level 5.3 Dodging
 + Level 5.7 Stealth
 + Level 10.0 Unarmed Combat


You had 9 spell levels left.
You didn't know any spells.

Dungeon Overview and Level Annotations

Branches:
Dungeon (10/15)            Temple (1/1) D:6
   Lair: D:8-11         Orc: D:9-12

Altars:
Ashenzari
Cheibriados
Dithmenos
Elyvilon
Fedhas
Gozag
Hepliaklqana
Kikubaaqudgha
Makhleb
Nemelex Xobeh
Okawaru
Qazlal
Ru
Sif Muna
Trog
Uskayaw
Vehumet
Xom
Yredelemnul
Zin
The Shining One

Annotations:
D:5 2 runed doors


Innate Abilities, Weirdness & Mutations

You have claws for hands.
You are slightly more attuned to the shadows.
You sometimes gain a little power by taking damage.


Message History

The white ugly thing tail-slaps you but does no damage.
You mangle the white ugly thing!! Your claw misses the white ugly thing.
The white ugly thing is moderately wounded.
The white ugly thing tail-slaps you. The white ugly thing freezes you!
You resist.
You closely miss the white ugly thing. You claw the white ugly thing!
The white ugly thing is heavily wounded.
You scratch the white ugly thing.
The white ugly thing is severely wounded.
The white ugly thing tail-slaps you.
* * * LOW HITPOINT WARNING * * *
The white ugly thing freezes you! You resist.
* * * LOW HITPOINT WARNING * * *
There is a stone staircase leading up here.
You cannot blink because you are wearing the ring "Diujit" {rCorr -Tele rPois rF++ Int-4}.
The white ugly thing barely misses you. The white ugly thing tail-slaps you.
* * * LOW HITPOINT WARNING * * *
The white ugly thing freezes you! You resist.
You die...

##########
#<.@......
#.u.(>....
#...).....
#...).....
#.<..[....
...........
###.........
#.........
#.........


You could see a white ugly thing.

Vanquished Creatures
  2 trolls (D:9)
  The ghost of flt the Sneak, an amateur OpAs (D:5)
  Sigmund (D:2)
  A yak (D:7)
  A wyvern (D:8)
  2 humans (D:7)
  A hungry ghost (D:8)
  A water moccasin (D:9)
  2 black bears
  An ice beast (D:5)
  An orc warrior (D:8)
  A phantom (D:3)
  2 sky beasts (D:9)
  2 ogres
  2 centaurs
  A crocodile (Sewer)
  5 bullfrogs
  A wyvern skeleton (D:8)
  3 killer bees (D:9)
  4 wights
  7 howler monkeys
  A bullfrog zombie (D:5)
  A centaur zombie (D:6)
  A crimson imp (D:9)
  5 jellies
  3 orc priests
  A hound (D:8)
  10 orc wizards
  A bullfrog skeleton (D:5)
  2 iguanas
  10 worker ants
  A hound zombie (D:5)
  A hound skeleton (D:5)
  3 worker ant zombies
  A howler monkey skeleton (D:9)
  9 gnolls
  9 adders
  2 shadow imps
  7 oozes
  2 adder skeletons
  An adder zombie (D:9)
  2 worms
  2 dart slugs
  5 leopard geckos
  43 orcs
  5 ball pythons
  6 giant cockroaches
  8 goblins
  7 hobgoblins
  16 jackals
  3 quokkas
  12 bats
  7 frilled lizards
  A jackal skeleton (D:7)
  8 kobolds
  10 rats
248 creatures vanquished.

Notes
Turn   | Place    | Note
-------+----------+-------------------------------------------
     0 | D:1      | Linguinho the Demonspawn Monk began the quest for the Orb.
     0 | D:1      | Reached XP level 1. HP: 18/18 MP: 1/1
    66 | D:1      | Reached skill level 3 in Unarmed Combat
   126 | D:1      | Gained mutation: You have sharp fingernails. [demonic ancestry]
   126 | D:1      | Reached XP level 2. HP: 23/24 MP: 2/2
   431 | D:2      | Reached XP level 3. HP: 21/29 MP: 3/3
  1244 | D:2      | Noticed Sigmund
  1259 | D:2      | Killed Sigmund
  1259 | D:2      | Reached skill level 1 in Armour
  1259 | D:2      | Reached skill level 4 in Unarmed Combat
  1259 | D:2      | Gained mutation: You are slightly more attuned to the shadows. [demonic ancestry]
  1259 | D:2      | Reached XP level 4. HP: 5/35 MP: 4/4
  1259 | D:2      | Reached XP level 5. HP: 5/41 MP: 5/5
  2035 | D:3      | Gained mutation: You have very sharp fingernails. [demonic ancestry]
  2035 | D:3      | Reached XP level 6. HP: 47/47 MP: 6/6
  2164 | D:3      | Reached skill level 5 in Unarmed Combat
  3793 | D:4      | Reached XP level 7. HP: 52/52 MP: 7/7
  4537 | D:5      | Entered Level 5 of the Dungeon
  4602 | D:5      | Reached skill level 6 in Unarmed Combat
  4679 | D:5      | Noticed flt's ghost (amateur OpAs)
  4848 | D:5      | Found a glowing drain.
  4857 | Sewer    | Entered a sewer
  4926 | Sewer    | HP: 2/53 [crocodile (15)]
  5303 | D:5      | Got a fine lead ring
  5374 | D:5      | Killed flt's ghost
  5513 | D:5      | Gained mutation: You sometimes gain a little power by taking damage. [demonic ancestry]
  5513 | D:5      | Reached XP level 8. HP: 35/60 MP: 8/8
  6097 | D:5      | Found a large runed door.
  6097 | D:5      | Found a large runed door.
  6377 | D:5      | Found a large runed door.
  6377 | D:5      | Found a large runed door.
  6406 | D:5      | Reached skill level 7 in Unarmed Combat
  6464 | D:5      | Identified the ring "Diujit" {rCorr -Tele rPois rF++ Int-4} (You found it on level 5 of the Dungeon)
  6621 | D:6      | Found a staircase to the Ecumenical Temple.
  6658 | Temple   | Entered the Ecumenical Temple
  6748 | Temple   | Became a worshipper of Dithmenos the Shadowed
  6748 | Temple   | Reached * piety under Dithmenos
  6748 | Temple   | Reached ** piety under Dithmenos
  7134 | Temple   | HP: 3/61 [wight/flail (7)]
  7135 | Temple   | HP: 1/61 [wight/flail (8)]
  8124 | D:7      | Gained mutation: You have claws for hands. [demonic ancestry]
  8124 | D:7      | Reached XP level 9. HP: 62/66 MP: 9/9
  8190 | D:7      | Reached skill level 8 in Unarmed Combat
  8209 | D:7      | Found an iron altar of Okawaru.
  9004 | D:8      | Reached skill level 5 in Armour
  9019 | D:8      | HP: 3/67 [something (6)]
  9656 | D:8      | Reached skill level 9 in Unarmed Combat
  9772 | D:8      | HP: 3/67 [orc priest/divine providence (15)]
 10210 | D:7      | Reached skill level 5 in Dodging
 10210 | D:7      | Reached skill level 5 in Stealth
 10460 | D:8      | Got a scintillating iron ring
 10495 | D:8      | Reached skill level 5 in Fighting
 10880 | D:9      | Found an opulent altar of Gozag.
 10973 | D:9      | Reached XP level 10. HP: 42/74 MP: 10/10
 11592 | D:9      | Identified the ring "Nyoghie" {MR+ AC+3} (You found it on level 8 of the Dungeon)
 11619 | D:9      | Reached *** piety under Dithmenos
 11718 | D:9      | Reached skill level 10 in Unarmed Combat
 11933 | D:10     | Entered Level 10 of the Dungeon
 11933 | D:10     | Noticed a white ugly thing
 11948 | D:10     | Slain by a white ugly thing

Skill      XL: |  1  2  3  4  5  6  7  8  9 10 |
---------------+-------------------------------+-----
Unarmed Combat | 3 4 5 6 7 9 10 | 10.0
Dodging        | 3 4 5 |  5.3
Armour         | 1 2 3 4 5 6 |  6.0
Stealth        | 2 3 4 5 |  5.7
Fighting       | 4 5 |  5.3

Action                   |  1- 3 |  4- 6 |  7- 9 | 10-12 || total
-------------------------+-------+-------+-------+-------++-------
Melee: Unarmed           |   127 |   168 |   465 |   101 ||   861
       Punch             |     1 |     1 |    12 |     4 ||    18
Invok: Shadow Step       |       |       |     1 |       ||     1
  Use: Scroll            |       |     2 |     7 |     4 ||    13
       Potion            |       |       |     6 |       ||     6
 Stab: Sleeping          |     5 |    10 |    18 |     9 ||    42
       Distracted        |       |     1 |     2 |       ||     3
  Eat: Meat ration       |       |     1 |     2 |       ||     3
       Chunk             |       |     2 |     9 |     2 ||    13
       Bread ration      |       |     1 |     1 |       ||     2
Armor: Robe              |    21 |       |       |       ||    21
       Leather armour    |       |    36 |    55 |     4 ||    95
       Skin              |       |       |     3 |       ||     3
       Troll leather arm |       |       |       |    13 ||    13
Dodge: Dodged            |    88 |   100 |   274 |    80 ||   542
